 Dungeon Sprint DCSS version 0.21-a0-404-g291f19a (webtiles) character file.

884 Kidiri the Skirmisher (level 7, 0/61 HPs)
             Began as a Demonspawn Gladiator on Oct 26, 2017.
             Was an Elder of Wu Jian.
             Killed from afar by a deep elf mage (22 damage)
             ... with a bolt of lightning
             ... in the Dungeon (Sprint VII: "The Pits").
             The game lasted 00:05:25 (696 turns).

Kidiri the Skirmisher (Demonspawn Gladiator)         Turns: 696, Time: 00:05:26

Health: 0/61       AC:  7    Str: 15    XL:     7   Next: 76%
Magic:  7/7        EV: 17    Int:  9    God:    Wu Jian [****..]
Gold:   0          SH:  0    Dex: 16    Spells: 6/6 levels left

rFire    . . .     SeeInvis .   a - +2 long sword (flame)
rCold    . . .     Gourm    .   (no shield)
rNeg     . . .     Faith    .   b - +0 leather armour
rPois    .         Spirit   .   c - +0 helmet
rElec    .         Reflect  .   (no cloak)
rCorr    .         Harm     .   (no gloves)
MR       .....     NoTele   +   (no boots)
Stlth    ++++......             (no amulet)
HPRegen  0.20/turn              (no ring)
MPRegen  0.10/turn              (no ring)

@: no status effects
A: talons 2, thin metallic scales 2, demonic guardian 1
a: Serpent's Lash, Renounce Religion


You were in the Dungeon.
You worshipped Wu Jian.
Wu Jian was greatly pleased with you.
You were not hungry.

You visited 1 branch

Inventory:

Hand Weapons
 a - a +2 long sword of flaming (weapon)
Missiles
 d - a throwing net (quivered)
 s - 10 stones
Armour
 b - a +0 leather armour (worn)
 c - a +0 helmet (worn)
Scrolls
 k - a scroll of blinking
 n - 3 scrolls of remove curse
 o - 5 scrolls of amnesia
 p - a scroll of summoning
Potions
 e - 6 potions of curing
 g - a potion of heal wounds
 h - a potion of haste
 i - 4 potions of magic
 j - 2 potions of berserk rage
 m - 2 potions of invisibility
Comestibles
 f - 8 bread rations
 l - 6 chunks of flesh
 q - 40 fruits
 r - 7 meat rations


   Skills:
 * Level 7.9 Fighting
 * Level 7.5 Long Blades
 + Level 5.1 Throwing
 + Level 4.7 Armour
 * Level 7.5 Dodging
 * Level 7.6 Stealth


You had 6 spell levels left.
You didn't know any spells.

Dungeon Overview and Level Annotations

Branches:
Dungeon (1/1)

Altars:
Ashenzari
Cheibriados
Dithmenos
Elyvilon
Fedhas
Gozag
Hepliaklqana
Kikubaaqudgha
Makhleb
Nemelex Xobeh
Okawaru
Qazlal
Ru
Sif Muna
Trog
Uskayaw
Vehumet
Wu Jian
Xom
Yredelemnul
Zin
The Shining One
Beogh
Jiyva
Lugonu

Annotations:
D exclusions: 6 doors and 6 more exclusions


Innate Abilities, Weirdness & Mutations

You have razor-sharp toenails.
You are mostly covered in thin metallic scales. (AC +3)
A weak demonic guardian rushes to your aid.


Message History

The bolt of lightning hits you! The vampire mosquito misses you.
You attack the deep elf mage from above.
You closely miss the deep elf mage.
The deep elf mage is almost dead.
You attack the vampire mosquito from above.
You barely miss the vampire mosquito.
The vampire mosquito is almost destroyed.
The vampire mosquito is distracted by your jump. x2
You feel less exhausted.
The vampire mosquito buzzes angrily. x2
The deep elf mage mumbles some strange words.
The deep elf mage blinks!
The vampire mosquito misses you.
You attack the spiny frog from above.
You hit the spiny frog. You burn the spiny frog. You claw the spiny frog.
The spiny frog is heavily wounded.
The spiny frog closely misses you.
You riposte.
You barely miss the spiny frog.
The spiny frog is heavily wounded.
The deep elf mage casts a spell at you. The bolt of lightning hits you!
You die...

#.##+####))##.......#
#.#.....#[[##.......#
#.#.....#+###...<...#
#.#........##.......#
#.#........##.......#
#'###########.......#
#.......#..##########
#..###..#)######
#.......#)#.§@§#
##.###.##+#.F§§#
#.......#.'yy.e+
#..###..#'#.§y§#
#.......'.#....#
################


You could see a deep elf mage, a spiny frog and 3 vampire mosquitoes.

Vanquished Creatures
  A flying skull (D)
  A fire bat (D)
  An ogre (D)
  A gnoll shaman (D)
  A worker ant (D)
  A hell rat (D)
  A mummy (D)
  3 gnolls (D)
  A river rat (D)
  2 ufetubi (D)
  An ooze (D)
  An adder zombie (D)
  3 bats (D)
  A hobgoblin (D)
  A rat (D)
20 creatures vanquished.

Vanquished Creatures (collateral kills)
  A deep elf mage (D)
1 creature vanquished.

Grand Total: 21 creatures vanquished

Notes
Turn   | Place    | Note
-------+----------+-------------------------------------------
     0 | D        | Kidiri the Demonspawn Gladiator began the quest for the Orb.
     0 | D        | Reached XP level 1. HP: 16/16 MP: 1/1
    70 | D        | Found a bloodstained altar of Trog.
    70 | D        | Found a deep blue altar of Sif Muna.
    70 | D        | Found a viscous altar of Jiyva.
    70 | D        | Found a hazy altar of Hepliaklqana.
    70 | D        | Found an opulent altar of Gozag.
    71 | D        | Found a glowing golden altar of the Shining One.
    71 | D        | Found a glowing silver altar of Zin.
    71 | D        | Found a basalt altar of Yredelemnul.
    71 | D        | Found a shimmering altar of Xom.
    71 | D        | Found an ornate altar of the Wu Jian Council.
    71 | D        | Found a sacrificial altar of Ru.
    71 | D        | Found a stormy altar of Qazlal.
    71 | D        | Found an iron altar of Okawaru.
    71 | D        | Found a sparkling altar of Nemelex Xobeh.
    71 | D        | Found a burning altar of Makhleb.
    71 | D        | Found a blossoming altar of Fedhas.
    71 | D        | Found a white marble altar of Elyvilon.
    71 | D        | Found a shadowy altar of Dithmenos.
    71 | D        | Found a snail-covered altar of Cheibriados.
    74 | D        | Found a corrupted altar of Lugonu.
    74 | D        | Found a radiant altar of Vehumet.
    74 | D        | Found a roughly hewn altar of Beogh.
    75 | D        | Found an ancient bone altar of Kikubaaqudgha.
    75 | D        | Found a hide-covered altar of Uskayaw.
    75 | D        | Found a shattered altar of Ashenzari.
    82 | D        | Became a worshipper of the Wu Jian Council
   104 | D        | Reached skill level 1 in Stealth
   187 | D        | Noticed a worker ant
   202 | D        | Killed a worker ant
   202 | D        | Reached * piety under Wu Jian
   202 | D        | Reached skill level 1 in Armour
   202 | D        | Gained mutation: You have sharp toenails. [demonic ancestry]
   202 | D        | Reached XP level 2. HP: 19/24 MP: 2/2
   202 | D        | Gained mutation: You are partially covered in thin metallic scales. (AC +2) [demonic ancestry]
   202 | D        | Reached XP level 3. HP: 23/29 MP: 3/3
   358 | D        | Reached ** piety under Wu Jian
   443 | D        | Noticed an ogre
   445 | D        | Noticed a deep elf mage
   445 | D        | Noticed a flying skull
   484 | D        | Killed an ogre
   484 | D        | Reached *** piety under Wu Jian
   484 | D        | Reached XP level 4. HP: 28/38 MP: 4/4
   484 | D        | Gained mutation: A weak demonic guardian rushes to your aid. [demonic ancestry]
   484 | D        | Reached XP level 5. HP: 31/43 MP: 5/5
   495 | D        | Killed a deep elf mage
   495 | D        | Gained mutation: You are mostly covered in thin metallic scales. (AC +3) [demonic ancestry]
   495 | D        | Reached XP level 6. HP: 23/53 MP: 6/6
   506 | D        | Killed a flying skull
   506 | D        | Gained mutation: You have razor-sharp toenails. [demonic ancestry]
   506 | D        | Reached XP level 7. HP: 43/60 MP: 7/7
   604 | D        | Reached **** piety under Wu Jian
   664 | D        | Noticed a fire bat
   667 | D        | Reached skill level 5 in Throwing
   668 | D        | Killed a fire bat
   682 | D        | Noticed a deep elf mage
   682 | D        | Noticed a spiny frog
   682 | D        | Noticed a vampire mosquito
   683 | D        | Noticed a vampire mosquito
   683 | D        | Noticed a vampire mosquito
   696 | D        | Killed from afar by a deep elf mage

Vault maps used:
D:        pitsprint

Skill      XL: |  1  2  3  4  5  6  7 |
---------------+----------------------+-----
Long Blades    | 3 4 6 7 |  7.5
Throwing       | 2 3 4 5 |  5.1
Dodging        | 3 4 6 7 |  7.5
Stealth        | 2 4 6 7 |  7.6
Fighting       | 3 4 6 7 |  7.9
Armour         | 1 2 4 |  4.7

Action                   |  1- 3 |  4- 6 |  7- 9 || total
-------------------------+-------+-------+-------++-------
Melee: Falchion          |    21 |       |       ||    21
       Long sword        |     7 |    21 |    37 ||    65
       Kick              |     3 |     3 |     8 ||    14
Throw: Throwing net      |     5 |       |       ||     5
Invok: Serpent's Lash    |       |       |     2 ||     2
  Use: Potion            |     2 |     4 |       ||     6
 Stab: Held in net/web   |     2 |       |       ||     2
       Sleeping          |     1 |       |     2 ||     3
Armor: Leather armour    |     9 |    10 |     4 ||    23
Dodge: Dodged            |    22 |    21 |    28 ||    71
       Rpst.: Long sword |     1 |     9 |     8 ||    18
       Falchion          |     1 |       |       ||     1

Table legend:
 A = Spawn XP
 B = Non-spawn XP
 C = Spawn XP percentage of total XP
 D = Spawn monster count
 E = Non-spawn monster count
 F = Spawn count percentage of total count
 G = Total turns spent on level
                    A         B        C        D         E        F      G
               +---------+---------+-------+---------+---------+-------+---------
         Total |       0 |    1263 |   0.0 |       0 |      21 |   0.0 |   696
               +---------+---------+-------+---------+---------+-------+---------
             D |       0 |    1263 |   0.0 |       0 |      21 |   0.0 |   696
               +---------+---------+-------+---------+---------+-------+---------
